 Dungeon Crawl Stone Soup version 0.31-a0-940-gdaa99269f9 (webtiles) character file.

Game seed: 17009715561072752362

76 Error4North the Ruffian (level 4, 0/36 HPs)
             Began as a Draconian Shapeshifter on Oct 21, 2023.
             Slain by a gnoll
             ... wielding a +0 spear
              (5 damage)
             ... on level 1 of the Dungeon.
             The game lasted 00:04:52 (1650 turns).

Error4North the Ruffian (Draconian Shapeshifter)    Turns: 1650, Time: 00:04:53

Health: 0/36       AC:  5    Str: 19    XL:     4   Next: 12%
Magic:  4/4        EV: 12    Int: 10    God:
Gold:   154        SH:  0    Dex: 10    Spells: 3/3 levels left

rFire   . .          .
                       - Unarmed
rCold   . . .        (no shield)
rNeg    . . .        (body armour unavailable)
rPois   .            (helmet currently unavailable)
rElec   .            (cloak currently unavailable)
rCorr   .            (gloves currently unavailable)
SInv    .            m - melded +0 pair of boots
Will    .....        (no amulet)
Stlth   +            (no ring)
HPRegen 0.26/turn    (no ring)
MPRegen 0.09/turn

%: no passive effects
@: beast-form
A: beast (slay +2), AC +5, unfitting armour, cold-blooded
a: Begin Untransformation


You were on level 1 of the Dungeon.
You were a hulking beast.
You visited 1 branch of the dungeon, and saw 4 of its levels.

You collected 154 gold pieces.

Inventory:

Missiles
 n - 5 poisoned darts (quivered)
Armour
 m - a +0 pair of boots (melded)
Talismans
 b - a beast talisman (active)
 c - a flux talisman
Wands
 o - a wand of light (13)
Scrolls
 e - 2 scrolls of teleportation {unknown}
 f - 3 scrolls of identify {unknown}
 l - a scroll of acquirement {unknown}
 p - 2 scrolls of noise {unknown}
Potions
 a - a potion of lignification
 d - a potion of heal wounds {unknown}
 g - 2 potions of enlightenment {unknown}
 h - a potion of curing {unknown}
 i - 2 potions of brilliance {unknown}
 j - a potion of mutation {unknown}
 k - a potion of resistance {unknown}


   Skills:
 * Level 2.1 Fighting
 + Level 2.1 Dodging
 + Level 0.6 Stealth
 + Level 3.8 Unarmed Combat
 * Level 3.5 Shapeshifting


You had 3 spell levels left.
You didn't know any spells.
Your spell library contained the following spells:

 Spells                   Type           Power      Damage    Failure   Level
 Sandblast                Erth           0%         2d4       36%         1
 Passwall                 Tmut/Erth      0%         N/A       50%         2
 Poisonous Vapours        Pois/Air       0%         N/A       50%         2
 Mephitic Cloud           Conj/Pois/Air  0%         N/A       75%         3
 Stone Arrow              Conj/Erth      0%         3d7       75%         3
 Brom's Barrelling Bould  Conj/Erth      0%         2d3       98%         4
 Freezing Cloud           Conj/Ice/Air   0%         6-21      100%        5


Dungeon Overview and Level Annotations

Branches:
Dungeon (4/15)
 Temple: D:4-7

Altars:
Cheibriados
Dithmenos
Okawaru
Qazlal
Xom

Shops:
D:1 =   D:4 (


Innate Abilities, Weirdness & Mutations

You are a hulking beast.
Your limbs bulge with bestial killing power. (Slay +2)
Your plain brown scales are hard. (AC +5)
You cannot fit into any form of body armour.
You are cold-blooded and may be slowed by cold attacks.


Message History

You tail-slap the ball python, but do no damage.
The gnoll hits you from afar with a +0 spear.
The ball python barely misses you. The ball python constricts you.
You hit the ball python.
The ball python is severely wounded.
The gnoll hits you but does no damage.
The ball python bites you but does no damage.
The ball python constricts you.
The gnoll hits you from afar with a +0 spear.
You barely miss the ball python.
The ball python is severely wounded.
The ball python closely misses you. The ball python constricts you.
The gnoll hits you from afar with a +0 spear.
The gnoll barely misses you.
The gnoll shouts!
You hit the ball python.
You kill the ball python!
The gnoll barely misses you. The gnoll hits you but does no damage.
The gnoll hits you but does no damage. The gnoll closely misses you.
A gnoll comes into view. It is wielding a +0 spear.
The gnoll barely misses you.
The gnoll hits you from afar with a +0 spear.
There is a stone staircase leading up here.
The gnoll shouts!
The bat closely misses you.
The gnoll hits you from afar with a +0 spear.
The gnoll hits you with a +0 spear.
The gnoll hits you from afar with a +0 spear!
* * * LOW HITPOINT WARNING * * *
You climb upwards.
There is a stone staircase leading down here.
You closely miss the gnoll. The gnoll hits you but does no damage.
You barely miss the gnoll. You punch the gnoll.
The gnoll is moderately wounded.
The gnoll hits you with a +0 spear.
* * * LOW HITPOINT WARNING * * *
You hit the gnoll.
The gnoll is severely wounded.
The gnoll hits you with a +0 spear.
You die...

##∩............# #........#
.#.############# #........#######
.#.# ##########...............
.#.# #........###############.
†#.# #.#####.## #... .#.######.#
#.# ######.## .#.....##.# #.#
#........
.#####.##.#####.#########.#####.#
......>.........hg........)......
...###.##.###.##.########.#####.#
...# #.##........# #.#...... ...#
#.#####.##..# #........ ...#
#.#####.##..############.##. ...#
#..(....##..................
...############..(###########.#.#
..................# #....
#############....## ###.#


You could see a gnoll.

Vanquished Creatures
  3 adders
  3 bats (D:2)
  3 endoplasms
  2 giant cockroaches
  7 goblins
  4 hobgoblins
  2 jackals (D:2)
  4 quokkas
  5 ball pythons
  2 frilled lizards
  3 kobolds
  4 rats
42 creatures vanquished.

Notes
Turn   | Place    | Note
-------+----------+-------------------------------------------
     0 | D:1      | Error4North the Draconian Shapeshifter began the quest for
                  | the Orb.
     0 | D:1      | Reached XP level 1. HP: 16/16 MP: 1/1
   234 | D:1      | Reached XP level 2. HP: 24/24 MP: 2/2
   462 | D:1      | Found Niadgh Vuetyn's Jewellery Shop.
   797 | D:2      | Reached XP level 3. HP: 29/29 MP: 3/3
  1133 | D:2      | You fall into a shaft and drop 2 floors!
  1133 | D:4      | Found a snail-covered altar of Cheibriados.
  1133 | D:4      | Found a stormy altar of Qazlal.
  1134 | D:4      | Found a shimmering altar of Xom.
  1144 | D:4      | Found a shadowy altar of Dithmenos.
  1193 | D:4      | Found Icroreff's Weapon Shop.
  1433 | D:3      | Found an iron altar of Okawaru.
  1520 | D:3      | Reached XP level 4. HP: 36/36 MP: 4/4
  1650 | D:1      | Slain by a gnoll

Illustrated notes

Levels and vault maps discovered:
D:1:      scummos_arrival_forest, layout_basic, serial_shops, shop
D:2:      layout_basic, corexii_leaking_fountain
D:3:      layout_basic, mainiacjoe_overflow_brackets, led_sif_pool,
          minmay_misc_feat_cross
D:4:      layout_basic, nicolae_overflow_quartered_altars, temple_fountains,
          serial_shops, nicolae_shop_bloodbath_and_beyond

Skill      XL: |  1  2  3 |
---------------+----------+-----
Dodging        | 2 |  2.1
Fighting       | 2 |  2.1
Stealth        | |  0.6
Unarmed Combat | |  3.8
Shapeshifting  | |  3.5

Action                     |  1- 3 |  4- 6 || total
---------------------------+-------+-------++-------
  Melee: Unarmed           |   104 |    11 ||   115
         Tailslap          |    10 |     2 ||    12
         Punch             |     2 |     1 ||     3
   Stab: Sleeping          |     1 |       ||     1
 Armour: Skin              |    53 |    17 ||    70
  Dodge: Dodged            |    59 |     8 ||    67
         Form:             |     1 |       ||     1
         Beast             |     1 |       ||     1

Table legend: (Time is in decaauts)
 A = Elapsed time spent in this place.
 B = Non-inter-level travel time spent in this place.
 C = Inter-level travel time spent in this place.
 D = Time resting spent in this place.
 E = Time spent auto-exploring this place.
 F = Levels seen in this place.
 G = Mean time per level.
                   A        B        C        D        E       F      G
               +--------+--------+--------+--------+--------+-----+--------+
         Total |   1645 |   1627 |     18 |      0 |   1166 |   4 |  411.2 |
       Dungeon |   1645 |   1627 |     18 |      0 |   1166 |   4 |  411.2 |
               +--------+--------+--------+--------+--------+-----+--------+

Top non-repeatable levels by time:
     D:1: 735 daAuts
     D:2: 447 daAuts
     D:3: 319 daAuts
     D:4: 142 daAuts
